 Dungeon Crawl Stone Soup version 0.23.0-2-g0fe3ce5 (webtiles) character file.

Game seed: 8441024531824460785

137 Semilg the Magician (level 5, -1/38 HPs)
             Began as a Minotaur Wizard on Feb 19, 2019.
             Killed by divine providence
             ... invoked by an orc priest
              (13 damage)
             ... on level 4 of the Dungeon.
             The game lasted 00:30:27 (3834 turns).

Semilg the Magician (Minotaur Wizard)               Turns: 3834, Time: 00:30:28

Health: -1/38      AC:  7    Str: 17    XL:     5   Next: 0%
Magic:  0/8        EV: 12    Int: 15    God:
Gold:   156        SH:  0    Dex:  9    Spells: 5/10 levels left

rFire    x . .     SeeInvis .   o - +1 dagger
rCold    + . .     Gourm    .   (no shield)
rNeg     . . .     Faith    .   f - +0 leather armour
rPois    .         Spirit   .   b - +1 hat
rElec    .         Reflect  .   i - +2 cloak
rCorr    .         Harm     .   (no gloves)
MR       .....                  (no boots)
Stlth    +.........             (no amulet)
HPRegen  0.12/turn              e - ring of ice
MPRegen  0.11/turn              (no ring)

@: mighty, very slightly contaminated
A: retaliatory headbutt, horns 2
a: no special abilities


You were on level 4 of the Dungeon.
You were not hungry.

You visited 1 branch of the dungeon, and saw 4 of its levels.

You collected 156 gold pieces.

Inventory:

Hand Weapons
 k - a +0 falchion
 o - a +1 dagger (weapon)
 t - a +0 short sword
Missiles
 j - 51 bolts (quivered)
 n - 4 large rocks
Armour
 b - a +1 hat (worn)
 f - a +0 leather armour (worn)
 i - a +2 cloak (worn)
Jewellery
 e - a ring of ice (left hand)
Scrolls
 l - a scroll of blinking
 p - 2 scrolls of amnesia
 q - 2 scrolls of teleportation
Potions
 c - a potion of haste
 g - a potion of berserk rage {unknown}
 h - a potion of resistance {unknown}
 m - a potion of curing {unknown}
 s - 2 potions of brilliance
Comestibles
 d - a ration


   Skills:
 + Level 0.2 Fighting
 + Level 1.0 Short Blades
 + Level 2.6 Armour
 + Level 2.8 Dodging
 + Level 1.6 Stealth
 + Level 0.7 Unarmed Combat
 * Level 3.0 Spellcasting
 + Level 0.6 Conjurations
 + Level 1.1 Summonings
 + Level 0.6 Translocations


You had 5 spell levels left.
You knew the following spells:

 Your Spells              Type           Power        Failure   Level  Hunger
a - Magic Dart            Conj           #...         19%         1    #......
b - Call Imp              Summ           #.......     22%         2    ##.....
c - Blink                 Tloc           N/A          28%         2    ##.....

Your spell library contained the following spells:

 Spells                   Type           Power        Failure   Level  Hunger
 Slow                     Hex            #.......     34%         2    ##.....
 Conjure Flame            Conj/Fire      #.......     52%         3    ###....
 Mephitic Cloud           Conj/Pois/Air  #.......     54%         3    ###....


Dungeon Overview and Level Annotations

Branches:
Dungeon (4/15)
 Temple: D:4-7

Altars:
Cheibriados
Kikubaaqudgha
Ru


Innate Abilities, Weirdness & Mutations

You reflexively headbutt those who attack you in melee.
You have a pair of horns on your head.


Message History

Aiming: Magic Dart (safe; 19% risk of failure)
Press: ? - help, Shift-Dir - straight line, f/p - orc
Aim: an orc, wielding a +0 hand axe (heavily wounded)
The magic dart hits the orc.
The orc is almost dead.
You hit the orc.
You kill the orc!
You have reached level 5!
The orc priest closely misses you.
The orc priest invokes the aid of Beogh against you.
Beogh smites you!
Casting: Magic Dart (safe; 19% risk of failure)
Confirm with . or Enter, or press ? or * to list all spells.
Aiming: Magic Dart (safe; 19% risk of failure)
Press: ? - help, Shift-Dir - straight line, f - orc
Aim: an orc, wielding a +0 morningstar and wearing a +0 scale mail You miscast Magic Dart.
Nothing appears to happen.
The orc priest invokes the aid of Beogh against you.
Beogh smites you!
You die...

#.o.).......#
#.#####.###
#..........
##..###.### #..#
#o.# #.o# # ##.#
#.# #@###.####
#........####.#
##.##.........# #
#[##.##.######...
#..#.##.#<.......
####.#.#))...####..
#.........#........
#.........#######..
#.........#


You could see an orc priest and an orc.

Vanquished Creatures
  A bullfrog skeleton (D:4)
  5 adders
  An ooze (D:2)
  4 leopard geckos
  4 orcs
  A giant cockroach (D:2)
  5 goblins
  5 hobgoblins
  2 jackals (D:1)
  2 quokkas (D:2)
  4 bats
  4 frilled lizards
  7 kobolds
  4 rats
49 creatures vanquished.

Vanquished Creatures (collateral kills)
  A worm (D:2)
  A dart slug (D:2)
  A leopard gecko (D:2)
  An orc (D:4)
  A giant cockroach (D:3)
  A hobgoblin (D:1)
6 creatures vanquished.

Vanquished Creatures (others)
  A human (D:2)
1 creature vanquished.

Grand Total: 56 creatures vanquished

Notes
Turn   | Place    | Note
-------+----------+-------------------------------------------
     0 | D:1      | Semilg the Minotaur Wizard began the quest for the Orb.
     0 | D:1      | Reached XP level 1. HP: 14/14 MP: 2/2
   813 | D:1      | Reached XP level 2. HP: 20/20 MP: 4/4
   820 | D:1      | Learned a level 2 spell: Call Imp
   823 | D:1      | Learned a level 2 spell: Blink
  1701 | D:2      | Reached skill level 1 in Armour
  1727 | D:2      | Reached XP level 3. HP: 26/26 MP: 3/6
  2274 | D:2      | Found a sacrificial altar of Ru.
  2465 | D:2      | Found an ancient bone altar of Kikubaaqudgha.
  2465 | D:2      | Noticed a human
  2468 | D:2      | Killed a human
  2977 | D:3      | Found a snail-covered altar of Cheibriados.
  3472 | D:3      | Reached XP level 4. HP: 30/33 MP: 7/7
  3589 | D:3      | Reached skill level 1 in Summonings
  3817 | D:4      | Reached skill level 1 in Short Blades
  3817 | D:4      | Reached skill level 3 in Spellcasting
  3825 | D:4      | Reached XP level 5. HP: 25/38 MP: 0/8
  3834 | D:4      | Killed from afar by an orc priest

Skill      XL: |  1  2  3  4 |
---------------+-------------+-----
Armour         | 1 2 |  2.6
Summonings     | 1 |  1.1
Short Blades   | 1 |  1.0
Spellcasting   | 3 |  3.0
Fighting       | |  0.2
Dodging        | |  2.8
Stealth        | |  1.6
Unarmed Combat | |  0.7
Conjurations   | |  0.6
Translocations | |  0.6

Action                   |  1- 3 |  4- 6 || total
-------------------------+-------+-------++-------
Melee: Unarmed           |    62 |       ||    62
       Headbutt          |    13 |     8 ||    21
       Dagger            |    77 |    43 ||   120
       Punch             |     1 |       ||     1
 Cast: Magic Dart        |    18 |     8 ||    26
       Call Imp          |     7 |     3 ||    10
  Use: Scroll            |    10 |     1 ||    11
       Potion            |       |     1 ||     1
 Stab: Sleeping          |     1 |       ||     1
  Eat: Chunk             |     8 |       ||     8
       Ration            |     1 |       ||     1
Armor: Leather armour    |    36 |    12 ||    48
       Robe              |     2 |       ||     2
Dodge: Dodged            |    97 |    30 ||   127
